 Dungeon Crawl Stone Soup version 0.20.1-1-g8b1a95d (webtiles) character file.

41 supernedo the Skirmisher (level 3, 0/43 HPs)
             Began as a Demonspawn Berserker on Nov 9, 2017.
             Was a Follower of Trog.
             Succumbed to an adder's poison
             ... on level 2 of the Dungeon.
             The game lasted 00:05:26 (1339 turns).

supernedo the Skirmisher (Demonspawn Berserker)     Turns: 1339, Time: 00:05:27

Health: 0/43       AC: 21    Str: 17    XL:     3   Next: 32%
Magic:  3/3        EV:  2    Int:  8    God:    Trog [*.....]
Gold:   38         SH:  7    Dex: 13    Spells: 2/2 levels left

rFire    . . .     SeeInvis .   a - +0 falchion
rCold    . . .     Gourm    .   n - +0 shield
rNeg     + + +     Faith    .   (armour currently unavailable)
rPois    +         Spirit   .   (helmet currently unavailable)
rElec    .         Reflect  .   (cloak currently unavailable)
rCorr    .         Harm     .   (gloves currently unavailable)
MR       .....     NoTele   +   (boots currently unavailable)
Stlth    +.........             (no amulet)
Regen    0.2/turn               (no ring)
MPRegen  0.1/turn               (no ring)

@: lethally poisoned (0 -> -5), tree-form, berserk cooldown, slowed, very slow
A: no striking features
a: Berserk, Burn Spellbooks, Renounce Religion


You were on level 2 of the Dungeon.
You worshipped Trog.
Trog was aware of your devotion.
You were very hungry.
You were a tree.
You visited 1 branch of the dungeon, and saw 2 of its levels.

You collected 38 gold pieces.

Inventory:

Hand Weapons
 a - a +0 falchion (weapon)
Missiles
 e - 8 javelins (quivered)
 f - 5 tomahawks
Armour
 b - a +0 animal skin (melded)
 n - a +0 shield (worn)
Scrolls
 d - a scroll of immolation {unknown}
 g - a scroll of fog {unknown}
 h - a scroll of recharging {unknown}
 k - a scroll of magic mapping {unknown}
 l - a scroll of identify {unknown}
 m - a scroll of remove curse {unknown}
Potions
 o - a potion of degeneration {unknown}
Comestibles
 c - a bread ration
 j - a royal jelly


   Skills:
 + Level 3.6 Fighting
 + Level 3.1 Long Blades
 + Level 1.9 Armour
 + Level 2.0 Dodging
 + Level 0.2 Stealth
 * Level 0.3 Shields


You had 2 spell levels left.
You didn't know any spells.

Dungeon Overview and Level Annotations

Branches:
Dungeon (2/15)

Altars:


Innate Abilities, Weirdness & Mutations

((You have a pair of small antennae on your head.))
((Your flesh is heat resistant. (rF+)))


Message History

Trog accepts your kill.
Your Dodging skill increases to level 2!
* * * LOW HITPOINT WARNING * * *
You feel sick.
You are too berserk!
There is a lethal amount of poison in your body!
There is a lethal amount of poison in your body!
You feel a strong urge to attack something.
* * * LOW HITPOINT WARNING * * *
You feel sick.
You feel your anger subside.
You are no longer berserk.
You are exhausted.
You feel yourself slow down.
* * * LOW HITPOINT WARNING * * *
You feel sick.
It was a potion of lignification.
You turn into a tree.
Your +0 animal skin melds into your body.
Your roots penetrate the ground.
You die...

..# ####..# #.....+
#.....# #.....# #.....#
######## #.....#
.......####### #.....#
..>....##....# #♣....#
.......##....###.....#
.......##....#...###....
........#.(..#.### .###
...............# #
.......##.....##
######.##......#
#.##....#.# #.##....#.#


There were no monsters in sight!

Vanquished Creatures
  An adder (D:2)
  A dart slug (D:1)
  3 leopard geckos (D:2)
  A giant cockroach (D:1)
  4 goblins (D:1)
  3 hobgoblins (D:2)
  5 bats
  3 frilled lizards (D:1)
  4 kobolds (D:1)
  3 rats
28 creatures vanquished.

Notes
Turn   | Place    | Note
-------+----------+-------------------------------------------
     0 | D:1      | supernedo the Demonspawn Berserker began the quest for the Orb.
     0 | D:1      | Reached XP level 1. HP: 18/18 MP: 1/1
   388 | D:1      | Gained mutation: Your flesh is heat resistant. (rF+) [demonic ancestry]
   388 | D:1      | Reached XP level 2. HP: 18/24 MP: 2/2
  1130 | D:2      | Gained mutation: You have a pair of small antennae on your head. [demonic ancestry]
  1130 | D:2      | Reached XP level 3. HP: 28/29 MP: 3/3
  1335 | D:2      | HP: 2/43 [poisoned by an adder]
  1339 | D:2      | Succumbed to an adder's poison

Skill      XL: |  1  2  3 |
---------------+----------+-----
Long Blades    | 3 |  3.1
Dodging        | 2 |  2.0
Fighting       | |  3.6
Armour         | |  1.9
Stealth        | |  0.2
Shields        | |  0.3

Action                   || total
-------------------------++-------
Melee: Falchion          ||    78
Invok: Berserk           ||     1
  Use: Potion            ||     1
 Stab: Sleeping          ||     2
  Eat: Chunk             ||     1
Armor: Animal skin       ||    14
Dodge: Dodged            ||    38
Block: Shield            ||    14
       Rpst.: Falchion   ||    15
